 Dungeon Crawl Stone Soup version 0.28-a0-1190-g77e1c55843 (webtiles) character file.

Game seed: 7927344982305281255

2 emperorscorpion the Chopper (level 1, -5/23 HPs)
             Began as a Gnoll Chaos Knight on Dec 18, 2021.
             Was a Plaything of Xom.
             Splashed by a jelly's acid (10 damage)
             ... on level 1 of the Dungeon.
             The game lasted 00:00:21 (31 turns).

emperorscorpion the Chopper (Gnoll Chaos Knight)      Turns: 31, Time: 00:00:21

Health: -5/23      AC:  1    Str: 11    XL:     1   Next: 40%
Magic:  1/1        EV: 11    Int: 11    God:    Xom [*.....]
Gold:   0          SH:  0    Dex: 11    Spells: 0/0 levels left

rFire   . . .      SeeInvis .   a - +0 hand axe (chaos)
rCold   . . .      Faith    .   (no shield)
rNeg    . . .      Spirit   .   b - +2 leather armour
rPois   .          Reflect  .   (no helmet)
rElec   .          Harm     .   (no cloak)
rCorr   .          Rampage  .   (no gloves)
Will    .....                   (no boots)
Stlth   +.........              (no amulet)
HPRegen 0.07/turn               (no ring)
MPRegen 0.07/turn               (no ring)

@: corroded
A: fangs 1, strong nose, distributed training
a: Renounce Religion


You were on level 1 of the Dungeon.
You worshipped Xom.
You were a special plaything of Xom.
You visited 1 branch of the dungeon, and saw 1 of its levels.

Inventory:

Hand Weapons
 a - a +0 hand axe of chaos (weapon)
Armour
 b - a +2 leather armour (worn)


   Skills:
 + Level 6.4 Fighting
 + Level 0.0 Short Blades
 + Level 0.0 Long Blades
 + Level 6.4 Axes
 + Level 0.0 Maces & Flails
 + Level 0.0 Polearms
 + Level 0.0 Staves
 + Level 0.0 Slings
 + Level 0.0 Bows
 + Level 0.0 Crossbows
 + Level 0.0 Throwing
 + Level 4.4 Armour
 + Level 2.3 Dodging
 + Level 0.0 Stealth
 + Level 0.0 Shields
 + Level 0.0 Unarmed Combat
 + Level 0.0 Spellcasting
 + Level 0.0 Conjurations
 + Level 0.0 Hexes
 + Level 0.0 Summonings
 + Level 0.0 Necromancy
 + Level 0.0 Translocations
 + Level 0.0 Transmutations
 + Level 0.0 Fire Magic
 + Level 0.0 Ice Magic
 + Level 0.0 Air Magic
 + Level 0.0 Earth Magic
 + Level 0.0 Poison Magic
 + Level 0.1 Invocations
 + Level 0.0 Evocations


You couldn't memorise any spells.
You didn't know any spells.
Your spell library was empty.

Dungeon Overview and Level Annotations

Branches:
Dungeon (1/15)

Altars:


Innate Abilities, Weirdness & Mutations

You have very sharp teeth.
Your uncanny sense of smell can sniff out nearby items.
Your experience applies equally to all skills.


Message History

Xom snickers.
Your eyebrows wriggle.
You are now a special plaything of Xom.
The quokka moves out of view.
A giant cockroach comes into view.
The quokka barely misses you. The hobgoblin barely misses you.
You barely miss the quokka. You hit the hobgoblin. You burn the hobgoblin.
The quokka bites you.
You emit a cloud of colourful smoke!
The hobgoblin closely misses you.
You hit the hobgoblin.
You kill the hobgoblin!
You hit the quokka. The quokka closely misses you.
The quokka completely misses you.
You hit the quokka.
The quokka resists with significant effort.
The quokka is severely wounded.
The quokka closely misses you.
You hit the quokka. You freeze the quokka.
You kill the quokka!
You hear Xom's avuncular chuckle.
The giant cockroach evaporates and reforms as a jelly!
You see here a hobgoblin corpse.
You hit the jelly.
The jelly goes berserk!
Xom is amused.
The acid corrodes you!
Your hands burn!
The jelly is moderately wounded.
The jelly hits you. The acid corrodes you!
You are splashed with acid!
The jelly closely misses you.
You are too injured to fight recklessly!
You are too injured to fight recklessly!
Press: ? - help, v - describe, . - travel
Here: a jelly (moderately wounded, berserk)
The floor.
Unknown command.
The jelly hits you.
* * * LOW HITPOINT WARNING * * *
You are splashed with acid!
You die...
Xom thinks this is hilarious!

......# ##..##
.......# ##..##
.#......# ##..##
###......# ##..##+#
#...... ##.##.# #
#..... #..#.#####.#
#......####§#†......#
.......§J§.......
...####@#§......#
#..#.......#
#.##.......# ..
........# ..#
........# ..#
.........# ..#
.#.......# ..#
.##########


You could see a jelly (berserk).

Vanquished Creatures
  A hobgoblin (D:1)
  A quokka (D:1)
2 creatures vanquished.

Notes
Turn   | Place    | Note
-------+----------+-------------------------------------------
     0 | D:1      | emperorscorpion the Gnoll Chaos Knight began the quest for
                  | the Orb.
     0 | D:1      | Reached XP level 1. HP: 23/23 MP: 1/1
    22 | D:1      | XOM: silly message
    24 | D:1      | XOM: smoke on damage
    27 | D:1      | Noticed a jelly
    27 | D:1      | a giant cockroach changed into a jelly
    27 | D:1      | XOM: polymorph giant cockroach -> jelly
    31 | D:1      | Splashed by a jelly's acid

Illustrated notes

Levels and vault maps discovered:
D:1:      dpeg_arrival_central, layout_basic, hellmonk_ecumenical_altar_run_dry,
          nrook_uturn

Action                   || total
-------------------------++-------
Melee: Hand axe          ||     5
Dodge: Dodged            ||     7

Table legend: (Time is in decaauts)
 A = Elapsed time spent in this place.
 B = Non-inter-level travel time spent in this place.
 C = Inter-level travel time spent in this place.
 D = Time resting spent in this place.
 E = Time spent auto-exploring this place.
 F = Levels seen in this place.
 G = Mean time per level.
                   A        B        C        D        E       F      G
               +--------+--------+--------+--------+--------+-----+--------+
         Total |     31 |     31 |      0 |      0 |     19 |   1 |   31.0 |
       Dungeon |     31 |     31 |      0 |      0 |     19 |   1 |   31.0 |
               +--------+--------+--------+--------+--------+-----+--------+

Top non-repeatable levels by time:
     D:1: 31 daAuts
